AoeStats
← Lord_Wilfredo

Arabia

508149679Analyzed
3v3 RM · 12d ago on Sep 21, 2026· 33m 50s· 6 players
Game mode
Random Map
Map size
Normal (6 player)
Population
200
Speed
Normal
Resources
Standard
Victory
Conquest
Starting age
Dark Age
Ending age
Imperial Age
RankedLock teamsTeams togetherTeam positionsShared explorationLock speedFull tech treeHidden civsTurbo modeCheats
Victory
Defeat
🇵🇪 Franks · Peru
1377
+15
🇦🇷 Huns · Argentina
1372
+15
🇹🇼 Mongols · Taiwan
1267
+19
🇨🇱 Persians · Chile
1382
-18
🇦🇷 Ethiopians · Argentina
1327
-16
🇨🇴 Vietnamese · Colombia
1319
-15
lcastillov22
6:57 Loom
10:06 Feudal Age
10:49 Double-Bit Axe
14:39 Wheelbarrow
26:26 Castle Age
25:11 Scale Barding Armor
25:17 Forging
26:05 Gold Mining
27:56 Gold Shaft Mining
26:43 Light Cavalry
27:24 Husbandry
28:27 Chain Barding Armor
28:39 Bow Saw
29:56 Iron Casting
30:41 Hand Cart
34:12 Stone Mining
Lord_Wilfredo
6:59 Loom
9:23 Feudal Age
10:03 Double-Bit Axe
15:57 Fletching
18:52 Wheelbarrow
22:23 Castle Age
20:45 Padded Archer Armor
22:23 Crossbowman
23:10 Thumb Ring
23:06 Bodkin Arrow
23:58 Bloodlines
26:53 Ballistics
27:59 Husbandry
28:44 Leather Archer Armor
30:03 Hand Cart
29:51 Town Watch
32:47 Gold Mining
33:10 Bow Saw
飛衫走奶
6:27 Loom
10:14 Feudal Age
10:50 Double-Bit Axe
14:34 Fletching
15:50 Padded Archer Armor
18:13 Horse Collar
21:38 Wheelbarrow
25:12 Castle Age
24:20 Forging
24:16 Scale Barding Armor
24:12 Gold Mining
24:56 Bloodlines
26:55 Husbandry
27:31 Crossbowman
28:53 Bodkin Arrow
DL | Nato
6:02 Loom
9:30 Feudal Age
10:49 Double-Bit Axe
15:47 Town Watch
16:42 Scale Barding Armor
20:53 Forging
25:19 Castle Age
23:59 Bloodlines
24:16 Horse Collar
24:57 Gold Mining
25:30 Light Cavalry
26:33 Chain Barding Armor
27:24 Husbandry
27:39 Bow Saw
32:23 Stone Mining
32:38 Heavy Plow
DL | Dionisio_-_
2:17 Loom
9:34 Feudal Age
16:13 Fletching
27:59 Castle Age
28:34 Bodkin Arrow
28:47 Crossbowman
Jony
6:36 Loom
9:02 Feudal Age
13:34 Town Watch
25:24 Fletching
30:24 Castle Age
29:44 Padded Archer Armor
30:27 Crossbowman
31:35 Bodkin Arrow
Connection lost

Rejoining the realm…

Still unreachable

The connection could not be restored.

Session expired

The server has moved on; the page needs a fresh start.